 Dungeon Crawl Stone Soup version 0.21-a0-513-gdcb3f5e (console) character file.

383 hexaflexagon the Poker (level 6, -3/44 HPs)
             Began as a Demonspawn Skald on Dec 1, 2017.
             Slain by an ogre
             ... wielding a +0 giant spiked club
              (22 damage)
             ... on level 4 of the Dungeon.
             The game lasted 00:07:27 (3459 turns).

hexaflexagon the Poker (Demonspawn Skald)           Turns: 3459, Time: 00:07:27

Health: -3/44      AC:  7    Str: 13    XL:     6   Next: 47%
Magic:  0/10       EV: 11    Int: 20    God:
Gold:   147        SH:  0    Dex: 13    Spells: 2/11 levels left

rFire    . . .     SeeInvis .   a - +0 trident
rCold    + + .     Gourm    .   (no shield)
rNeg     . . .     Faith    .   n - +0 ring mail
rPois    .         Spirit   +   (no helmet)
rElec    .         Reflect  .   j - scarf {Spirit}
rCorr    .         Harm     .   (no gloves)
MR       .....                  (no boots)
Stlth    +.........             e - amulet of regeneration
HPRegen  0.54/turn              m - +6 ring of intelligence
MPRegen  0.12/turn              A - ring of protection from cold (curse)

@: no status effects
A: claws 1, iridescent scales 1, cold resistance 1, freezing cloud immunity
a: no special abilities


You were on level 4 of the Dungeon.
You were not hungry.

You visited 1 branch of the dungeon, and saw 4 of its levels.

You collected 147 gold pieces.

Inventory:

Hand Weapons
 a - a +0 trident (weapon)
Missiles
 i - 8 javelins (quivered)
 y - 4 javelins of returning
Armour
 b - a +0 leather armour
 j - a scarf of spirit shield (worn)
 n - a +0 ring mail (worn)
Jewellery
 e - an amulet of regeneration (around neck)
 m - a +6 ring of intelligence (left claw)
 A - a cursed ring of protection from cold (right claw)
Wands
 r - a wand of random effects (28)
Scrolls
 h - a scroll of remove curse {unknown}
 k - 2 scrolls of identify {unknown}
 o - a scroll of enchant armour {unknown}
 s - 2 scrolls of teleportation {unknown}
 v - a scroll of immolation {unknown}
 z - a scroll of magic mapping {unknown}
Potions
 f - a potion of invisibility {unknown}
 g - 3 potions of curing {unknown}
 l - a potion of brilliance {unknown}
 p - a potion of lignification {unknown}
 q - 2 potions of degeneration {unknown}
Books
 c - a book of Battle

   Spells                             Type                      Level
   a - Infusion                       Charms                       1
   b - Shroud of Golubria             Charms/Translocation         2
   c - Song of Slaying                Charms                       2
   d - Spectral Weapon                Hexes/Charms                 3
   e - Regeneration                   Charms/Necromancy            3
Comestibles
 d - 3 bread rations
 t - 12 chunks of flesh
 u - 2 fruits
 w - a meat ration
 x - a royal jelly


   Skills:
 - Level 2.0 Fighting
 + Level 4.9 Polearms
 - Level 0.8 Armour
 - Level 1.7 Dodging
 + Level 3.1 Spellcasting
 + Level 2.5 Hexes
 + Level 2.9 Charms
 + Level 0.9 Necromancy


You had 2 spell levels left.
You knew the following spells:

 Your Spells              Type           Power        Failure   Level  Hunger
g - Shroud of Golubria    Chrm/Tloc      #.........   24%         2    ##.....
i - Infusion              Chrm           ##..         9%          1    None
r - Regeneration          Chrm/Necr      ##........   36%         3    ###....
w - Spectral Weapon       Hex/Chrm       ##......     28%         3    ###....


Dungeon Overview and Level Annotations

Branches:
Dungeon (4/15)
 Temple: D:4-7

Altars:


Innate Abilities, Weirdness & Mutations

You have sharp fingernails.
You are partially covered in iridescent scales. (AC +2)
Your flesh is cold resistant. (rC+)
You are immune to freezing clouds.


Message History

Confirm with . or Enter, or press ? or * to list all spells.
You draw out your weapon's spirit!
The ogre hits you with a giant spiked club!!
Ouch! That really hurt!
Your shroud falls apart!
Okay, then.
Press: ? - help, v - describe, . - travel
Here: an ogre, wielding a giant spiked club (lightly wounded)
The floor, spattered with blood.
Unknown command.
You hit the ogre but do no damage.
The ogre is lightly wounded.
Your spectral weapon hits the ogre but does no damage.
The ogre closely misses you.
You barely miss the ogre.
The ogre is lightly wounded.
Your spectral weapon hits the ogre from afar!
The ogre hits you with a giant spiked club!!
Ouch! That really hurt!
You die...

.......## ##. #..
........# #.. #.8..
........## #.##.#...
.........# #.#...8!.
.........# #.'.....(
.........## #.#...8..
..........# #.# .#...
).........# ##O# .8 .
..........## #.@# ..
...........####(######..
.....................# +
....(........#.#######
.............#.#
............##.#
............#..#
#####.......#.##
#......##.


You could see an ogre and a friendly spectral trident.

Vanquished Creatures
  A howler monkey (D:4)
  3 orc priests (D:3)
  An iguana (D:4)
  3 orc wizards (D:3)
  3 adders
  3 oozes
  3 worms
  2 leopard geckos
  19 orcs
  A ball python (D:4)
  2 giant cockroaches
  6 goblins
  8 hobgoblins
  6 jackals
  2 quokkas
  6 bats
  4 frilled lizards
  3 kobolds
  3 rats
79 creatures vanquished.

Notes
Turn   | Place    | Note
-------+----------+-------------------------------------------
     0 | D:1      | hexaflexagon the Demonspawn Skald began the quest for the Orb.
     0 | D:1      | Reached XP level 1. HP: 16/16 MP: 3/3
   104 | D:1      | Reached skill level 2 in Polearms
   336 | D:1      | Gained mutation: You are partially covered in iridescent scales. (AC +2) [demonic ancestry]
   336 | D:1      | Reached XP level 2. HP: 22/22 MP: 5/5
   827 | D:1      | Learned a level 2 spell: Shroud of Golubria
  1050 | D:2      | Reached skill level 3 in Polearms
  1050 | D:2      | Gained mutation: You have sharp fingernails. [demonic ancestry]
  1050 | D:2      | Reached XP level 3. HP: 20/27 MP: 2/6
  1067 | D:2      | Learned a level 3 spell: Spectral Weapon
  1165 | D:2      | Found a faded altar of an unknown god.
  1913 | D:3      | Reached skill level 1 in Hexes
  1913 | D:3      | Gained mutation: Your flesh is cold resistant. (rC+) [demonic ancestry]
  1913 | D:3      | Reached XP level 4. HP: 30/33 MP: 0/8
  1990 | D:3      | Gained mutation: You are immune to freezing clouds. [demonic ancestry]
  1990 | D:3      | Reached XP level 5. HP: 32/38 MP: 4/9
  2101 | D:3      | Learned a level 3 spell: Regeneration
  2255 | D:3      | Reached skill level 4 in Polearms
  2630 | D:3      | Reached XP level 6. HP: 44/44 MP: 0/10
  3459 | D:4      | Slain by an ogre

Vault maps used:
D:1:      lightli_arrival_farm
D:2:      chequers_ecumenical_altar_grove
D:3:      cheibrodos_pilgrimage
D:4:      hangedman_ru_absence, dancing_weapons_uskayaw, first_bread,
          dk_noncrumbling_3

Skill      XL: |  1  2  3  4  5 |
---------------+----------------+-----
Polearms       | 2 3 4 |  4.9
Hexes          | 1 2 |  2.5
Spellcasting   | 3 |  3.1
Fighting       | |  2.0
Armour         | |  0.8
Dodging        | |  1.7
Charms         | |  2.9
Necromancy     | |  0.9

Action                   |  1- 3 |  4- 6 || total
-------------------------+-------+-------++-------
Melee: Spear             |   123 |    68 ||   191
       Trident           |       |   140 ||   140
 Cast: Shroud of Golubri |     4 |     9 ||    13
       Spectral Weapon   |     5 |    10 ||    15
 Stab: Distracted        |       |     1 ||     1
  Eat: Chunk             |     3 |     8 ||    11
Armor: Leather armour    |    37 |       ||    37
       Ring mail         |     4 |    60 ||    64
Dodge: Dodged            |    54 |    87 ||   141

Table legend:
 A = Spawn XP
 B = Non-spawn XP
 C = Spawn XP percentage of total XP
 D = Spawn monster count
 E = Non-spawn monster count
 F = Spawn count percentage of total count
 G = Total turns spent on level
                    A         B        C        D         E        F      G
               +---------+---------+-------+---------+---------+-------+---------
         Total |       0 |     548 |   0.0 |       0 |      79 |   0.0 |  3459
               +---------+---------+-------+---------+---------+-------+---------
           D:1 |       0 |      27 |   0.0 |       0 |      12 |   0.0 |   956
           D:2 |       0 |      44 |   0.0 |       0 |      12 |   0.0 |   884
           D:3 |       0 |     352 |   0.0 |       0 |      43 |   0.0 |  1242
           D:4 |       0 |     125 |   0.0 |       0 |      12 |   0.0 |   377
               +---------+---------+-------+---------+---------+-------+---------
